 Dungeon Crawl Stone Soup version 0.29.1-12-g30fa7ad0bf (webtiles) character file.

Game seed: 5334185764888136677

56 styxcanada the Sneak (level 3, -2/18 HPs)
             Began as a Spriggan Brigand on Dec 27, 2022.
             Slain by an orc
             ... wielding a +0 club
              (6 damage)
             ... on level 3 of the Dungeon.
             The game lasted 00:05:45 (1875 turns).

styxcanada the Sneak (Spriggan Brigand)             Turns: 1875, Time: 00:05:45

Health: -2/18      AC:  3    Str:  7    XL:     3   Next: 69%
Magic:  13/13      EV: 17    Int: 12    God:
Gold:   170        SH:  0    Dex: 18    Spells: 2/2 levels left

rFire   . . .      SeeInvis +   a - +2 dagger
rCold   . . .      Faith    .   (no shield)
rNeg    . . .      Spirit   .   b - +0 robe
rPois   .          Reflect  .   (helmet restricted)
rElec   .          Harm     .   c - +0 cloak
rCorr   .          Rampage  .   (gloves unavailable)
Will    .....                   (boots unavailable)
Stlth   ++++......              (no amulet)
HPRegen 0.06/turn               m - ring of magical power
MPRegen 0.13/turn               (no ring)

@: very quick
A: very small, no large weapons, unfitting armour, see invisible, speed 3
a: no special abilities


You were on level 3 of the Dungeon.
You visited 1 branch of the dungeon, and saw 4 of its levels.

You collected 170 gold pieces.

Inventory:

Hand Weapons
 a - a +2 dagger (weapon)
Missiles
 d - 15 poisoned darts (quivered)
 e - 3 curare-tipped darts
 i - 12 stones
 p - 4 boomerangs
Armour
 b - a +0 robe (worn)
 c - a +0 cloak (worn)
Jewellery
 m - a ring of magical power (left hand)
Scrolls
 n - 2 scrolls of identify {unknown}
 o - a scroll of amnesia {unknown}
Potions
 f - 2 potions of ambrosia {unknown}
 h - a potion of curing {unknown}
 l - a potion of lignification {unknown}


   Skills:
 * Level 1.9 Fighting
 + Level 3.1 Short Blades
 + Level 2.0 Throwing
 * Level 2.1 Dodging
 * Level 6.9 Stealth


You had 2 spell levels left.
You didn't know any spells.
Your spell library contained the following spells:

 Spells                   Type           Power      Damage    Failure   Level
 Portal Projectile        Hex/Tloc       0%         N/A       69%         3
 Tukima's Dance           Hex            0%         N/A       69%         3
 Blade Hands              Tmut           0%         N/A       100%        5


Dungeon Overview and Level Annotations

Branches:
Dungeon (4/15)
 Temple: D:4-7

Altars:

Annotations:
D:3 Robin


Innate Abilities, Weirdness & Mutations

You are very small and have problems with some larger weapons.
You are too small for most types of armour.
You have supernaturally acute eyesight. (SInv)
You cover ground extremely quickly. (Speed+++)


Message History

The jackal barely misses you. x2
The jackal misses you. The jackal completely misses you.
The endoplasm enters a dispersal trap!
The jackal blinks! x2
An orc comes into view. It is wielding a +0 club.
The orc shouts!
You hit the orc.
The orc is moderately wounded.
The orc completely misses you.
You closely miss the orc.
The orc is moderately wounded.
The orc barely misses you.
You completely miss the orc.
The orc is moderately wounded.
The jackal completely misses you. The jackal barely misses you.
The orc misses you.
You hit the orc but do no damage.
The orc is moderately wounded.
The jackal completely misses you.
You barely miss the orc.
The orc is moderately wounded.
The orc hits you with a +0 club. The jackal barely misses you.
You hit the orc but do no damage.
The orc is moderately wounded.
The orc barely misses you. The jackal closely misses you.
You hit the orc.
The orc is severely wounded.
The jackal bites you.
* * * LOW HITPOINT WARNING * * *
The orc drinks a potion.
The orc seems to grow stronger.
You hit the orc.
The orc is almost dead.
The jackal bites you.
* * * LOW HITPOINT WARNING * * *
The orc misses you.
You hit the orc but do no damage.
The orc is almost dead.
The jackal completely misses you. The jackal closely misses you.
The orc hits you with a +0 club.
You die...

...........#....#.#
....#.............#
....#.........##.##
~~###.........##h#
.. #.........##h#
.. #.........##h#
#.........##S#
#.........##h#
.......##..##@#
........#~..##o#
....#####~...#.#
#.# #.# #.# ... ...


You could see an adder, an orc (strong) and 4 jackals.

Vanquished Creatures
  An adder (D:2)
  3 dart slugs
  2 ball pythons (D:1)
  5 bats
  5 endoplasms
  7 goblins
  5 hobgoblins
  2 jackals (D:2)
  2 frilled lizards (D:2)
  2 kobolds (D:1)
  3 rats
37 creatures vanquished.

Notes
Turn   | Place    | Note
-------+----------+-------------------------------------------
     0 | D:1      | styxcanada the Spriggan Brigand began the quest for the
                  | Orb.
     0 | D:1      | Reached XP level 1. HP: 10/10 MP: 2/2
   113 | D:1      | Reached skill level 6 in Stealth
   335 | D:1      | Reached XP level 2. HP: 8/15 MP: 3/3
   973 | D:1      | Found a faded altar of an unknown god.
  1254 | D:2      | Reached XP level 3. HP: 12/18 MP: 4/4
  1677 | D:2      | You fall into a shaft and drop 2 floors!
  1769 | D:3      | Noticed Robin
  1875 | D:3      | Slain by an orc

Illustrated notes

Levels and vault maps discovered:
D:1:      psy_arrival_terrarium, layout_basic,
          hellmonk_ecumenical_altar_run_dry, minmay_misc_feat_cross,
          minmay_curled_crystal
D:2:      layout_rooms
D:3:      kennysheep_big_flooded_room, layout_basic,
          mainiacjoe_overflow_alcove_2, nicolae_overflow_ecumenical_swirl,
          serial_rivers, chequers_serial_rivers_large_b,
          chequers_serial_rivers_marsh, chequers_serial_rivers_small_a,
          chequers_serial_rivers_small_3, chequers_serial_rivers_small_b,
          uniq_robin
D:4:      layout_basic, temple_hall, hangedman_decor_lopped,
          minmay_ogre_servants

Skill      XL: |  1  2  3 |
---------------+----------+-----
Stealth        | 6 |  6.9
Short Blades   | 3 |  3.1
Dodging        | 2 |  2.1
Fighting       | |  1.9
Throwing       | |  2.0

Action                   || total
-------------------------++-------
Melee: Dagger            ||   123
Throw: Dart              ||     2
  Use: Scroll            ||     3
 Stab: Sleeping          ||    12
Armor: Robe              ||    17
Dodge: Dodged            ||    76
